 Dungeon Crawl Stone Soup version 0.28.0-53-g5a82cb258f (webtiles) character file.

Game seed: 2443290950730833590

310 Gabide the Ducker (level 6, -5/49 HPs)
             Began as a Human Monk on June 1, 2022.
             Slain by an ogre
             ... wielding a +0 giant club
              (10 damage)
             ... on level 5 of the Dungeon.
             The game lasted 00:04:39 (5180 turns).

Gabide the Ducker (Human Monk)                      Turns: 5180, Time: 00:04:39

Health: -5/49      AC:  4    Str: 11    XL:     6   Next: 69%
Magic:  6/6        EV: 13    Int: 11    God:
Gold:   178        SH:  0    Dex: 17    Spells: 5/5 levels left

rFire   . . .      SeeInvis .   a - +0 trident
rCold   . . .      Faith    .   (no shield)
rNeg    . . .      Spirit   .   c - +0 leather armour
rPois   .          Reflect  .   (no helmet)
rElec   .          Harm     .   i - +0 cloak
rCorr   .          Rampage  .   (no gloves)
Will    .....                   (no boots)
Stlth   ++........              (no amulet)
HPRegen 0.16/turn               h - ring of wizardry
MPRegen 0.10/turn               (no ring)

@: no status effects
A: no striking features
a: no special abilities


You were on level 5 of the Dungeon.
You visited 1 branch of the dungeon, and saw 5 of its levels.

You collected 178 gold pieces.

Inventory:

Hand Weapons
 a - a +0 trident (weapon)
Armour
 c - a +0 leather armour (worn)
 i - a +0 cloak (worn)
Jewellery
 h - a ring of wizardry (left hand)
 p - a +4 ring of protection
 q - an amulet of guardian spirit
Scrolls
 b - a scroll of teleportation {unknown}
 f - a scroll of fear {unknown}
 g - a scroll of brand weapon {unknown}
 k - a scroll of noise
 n - a scroll of immolation {unknown}
 r - a scroll of vulnerability {unknown}
 s - a scroll of identify {unknown}
Potions
 d - a potion of heal wounds {unknown}
 e - 4 potions of curing
 j - a potion of ambrosia {unknown}
 l - a potion of degeneration {unknown}
 m - a potion of haste {unknown}


   Skills:
 + Level 4.6 Fighting
 + Level 4.6 Polearms
 + Level 4.7 Dodging
 - Level 2.0 Stealth


You had 5 spell levels left.
You didn't know any spells.
Your spell library was empty.

Dungeon Overview and Level Annotations

Branches:
Dungeon (5/15)
 Temple: D:4-7

Altars:
Kikubaaqudgha
Wu Jian
The Shining One


Message History

The ogre looks even sicker.
You throw a poisoned dart. The poisoned dart hits the ogre.
You throw a poisoned dart. The poisoned dart hits the ogre.
The ogre is lightly wounded.
You barely miss the ogre.
The ogre is lightly wounded.
The ogre closely misses you.
You hit the ogre.
The ogre is lightly wounded.
The ogre barely misses you.
You barely miss the ogre.
The ogre is lightly wounded.
The ogre hits you with a +0 giant club!
You hit the ogre.
The ogre is moderately wounded.
You hit the ogre.
The ogre is heavily wounded.
The ogre hits you with a +0 giant club!
You are too injured to fight recklessly!
You are too injured to fight recklessly!
You are too injured to fight recklessly!
You are too injured to fight recklessly!
You are too injured to fight recklessly!
You are too injured to fight recklessly!
You are too injured to fight recklessly!
You are too injured to fight recklessly!
You are too injured to fight recklessly!
You are too injured to fight recklessly!
You are too injured to fight recklessly!
You are too injured to fight recklessly!
You are too injured to fight recklessly!
You are too injured to fight recklessly!
The ogre looks more healthy.
There is a stone staircase leading up here.
You hit the ogre.
The ogre is severely wounded.
The ogre hits you with a +0 giant club!
* * * LOW HITPOINT WARNING * * *
The ogre hits you with a +0 giant club!
You die...

....... ......
...............
.............
..........# ..
#...##...###.. .
#...#.....#... ...
#.......#.....
.....#.#...†.......
._.....@O.....####
. .....#.####....#
... ... #.
##...##...(# . #.
#.....((((# #.
#.....#.#... ..
##..### # ## ####


You could see an ogre.

Vanquished Creatures
  A hound (D:4)
  A jelly (D:4)
  A centaur skeleton (D:4)
  An orc wizard (D:4)
  8 adders
  A shadow imp (D:3)
  An adder skeleton (D:4)
  A worm (D:1)
  2 dart slugs
  8 orcs
  6 ball pythons
  9 bats
  11 endoplasms
  A giant cockroach (D:1)
  14 goblins
  10 hobgoblins
  4 quokkas
  8 frilled lizards
  6 kobolds
  5 rats
99 creatures vanquished.

Notes
Turn   | Place    | Note
-------+----------+-------------------------------------------
     0 | D:1      | Gabide the Human Monk began the quest for the Orb.
     0 | D:1      | Reached XP level 1. HP: 18/18 MP: 1/1
   223 | D:1      | Reached XP level 2. HP: 23/24 MP: 2/2
   511 | D:1      | Reached XP level 3. HP: 18/29 MP: 3/3
  1463 | D:2      | Reached XP level 4. HP: 22/36 MP: 4/4
  2784 | D:3      | Reached XP level 5. HP: 42/42 MP: 5/5
  2835 | D:3      | Found a faded altar of an unknown god.
  3111 | D:3      | Found an ancient bone altar of Kikubaaqudgha.
  3273 | D:3      | Identified the +1 chain mail of the Pit {Rampage *Corrode
                  | Str+4}
  4197 | D:4      | Reached XP level 6. HP: 45/49 MP: 6/6
  4231 | D:4      | HP: 2/49 [poisoned by an adder]
  4962 | D:4      | Found a glowing golden altar of the Shining One.
  5147 | D:5      | Entered Level 5 of the Dungeon
  5147 | D:5      | Found an ornate altar of the Wu Jian Council.
  5162 | D:5      | Noticed an ogre
  5180 | D:5      | Slain by an ogre

Illustrated notes

Levels and vault maps discovered:
D:1:      nicolae_arrival_memento_mori, layout_basic
D:2:      minmay_skewed_foursquare, layout_basic
D:3:      layout_loops_ring, mainiacjoe_overflow_brackets,
          hellmonk_ecumenical_altar_inner_sanctum
D:4:      layout_gridville, tso_metal_star, portal_sewer_entry_d
D:5:      layout_cave_pools, old_standard_altar, grunt_qazlal_clouds

Skill      XL: |  1  2  3  4  5 |
---------------+----------------+-----
Fighting       | 4 |  4.6
Polearms       | 4 |  4.6
Dodging        | 4 |  4.7
Stealth        | |  2.0

Action                   |  1- 3 |  4- 6 || total
-------------------------+-------+-------++-------
Melee: Spear             |   177 |   211 ||   388
       Punch             |     1 |     4 ||     5
       Trident           |       |    84 ||    84
Throw: Dart              |       |    10 ||    10
  Use: Scroll            |       |     1 ||     1
       Potion            |       |     1 ||     1
 Stab: Sleeping          |     4 |    15 ||    19
       Distracted        |     1 |     1 ||     2
Armor: Leather armour    |    30 |    55 ||    85
Dodge: Dodged            |    79 |   147 ||   226
